 Dungeon Crawl Stone Soup version 0.29-a0-234-g0dae59b3db (webtiles) character file.

Game seed: 14866198721197975124

138 sammy202020 the Skirmisher (level 5, 42/42 HPs)
             Began as a Demonspawn Berserker on Mar 2, 2022.
             Was a Believer of Trog.
             Quit the game on level 3 of the Dungeon.
             The game lasted 00:04:57 (3738 turns).

sammy202020 the Skirmisher (Demonspawn Berserker)   Turns: 3738, Time: 00:04:57

Health: 42/42      AC:  6    Str: 19    XL:     5   Next: 1%
Magic:  5/5        EV: 11    Int:  9    God:    Trog [**....]
Gold:   119        SH:  0    Dex: 12    Spells: 4/4 levels left

rFire   . . .      SeeInvis .   a - +0 mace
rCold   . . .      Faith    .   (no shield)
rNeg    . . .      Spirit   .   f - +0 ring mail
rPois   .          Reflect  .   (no helmet)
rElec   .          Harm     .   i - +0 cloak
rCorr   .          Rampage  .   (no gloves)
Will    .....                   (no boots)
Stlth   +.........              (no amulet)
HPRegen 0.14/turn               (no ring)
MPRegen 0.09/turn               (no ring)

@: no status effects
A: weakness stinger 1, demonic touch 1
a: Renounce Religion, Berserk, Trog's Hand


You were on level 3 of the Dungeon.
You worshipped Trog.
Trog was pleased with you.
You visited 1 branch of the dungeon, and saw 3 of its levels.

You collected 119 gold pieces.

Inventory:

Hand Weapons
 a - a +0 mace (weapon)
Missiles
 e - 3 poisoned darts (quivered)
Armour
 f - a +0 ring mail (worn)
 i - a +0 cloak (worn)
Scrolls
 b - a scroll of teleportation {unknown}
 c - 2 scrolls of vulnerability {unknown}
 d - 2 scrolls of enchant armour {unknown}
 g - a scroll of blinking {unknown}
 h - 2 scrolls of fog {unknown}
Potions
 j - a potion of curing {unknown}
 k - a potion of lignification {unknown}


   Skills:
 + Level 3.8 Fighting
 + Level 3.5 Maces & Flails
 + Level 2.7 Armour
 + Level 2.8 Dodging


You had 4 spell levels left.
You didn't know any spells.
Your spell library was empty.

Dungeon Overview and Level Annotations

Branches:
Dungeon (3/15)

Altars:
Cheibriados

Annotations:
D:2 1 runed translucent door, Crazy Yiuf


Innate Abilities, Weirdness & Mutations

You have a small tail.
Your touch may inflict minor irresistible damage on your foes.


Message History

An endoplasm comes into view.
The endoplasm quivers.
The endoplasm barely misses you.
You hit the endoplasm.
The endoplasm is heavily wounded.
The endoplasm freezes you.
You are frozen.
You hit the endoplasm.
You kill the endoplasm!
Trog accepts your kill.
No target in view!
No target in view!
No target in view!
k - a ruby potion
Found 9 stones.
Found an escape hatch in the floor.
No target in view!
No target in view!
No target in view!
A hobgoblin comes into view.
The hobgoblin shouts!
An endoplasm comes into view.
The endoplasm quivers.
The hobgoblin hits you but does no damage.
You hit the hobgoblin.
You kill the hobgoblin!
Trog accepts your kill.
You have reached level 5!
Your demonic ancestry asserts itself...
Your hands begin to faintly glow with unholy energy.
You hit the endoplasm.
You kill the endoplasm!
Trog accepts your kill.
No target in view!
No target in view!
No target in view!
No target in view!
No target in view!
No target in view!
Are you sure you want to abandon this character and quit the game? (Confirm with "yes".)

.######## ## #
###.### # #.#.....#
# .#.....# # ......#
##### ..... ....#
... ###.# #.# #?#.#
..#># #.# #@#.#
#:#.# #.# #.#.#
#.#(# #.###.#.#
....# #.......#
....# #.###...#
....# #.# #...#
#.#.########.###...#
#.#................#
#.#.##########.#.###


There were no monsters in sight!

Vanquished Creatures
  A howler monkey (D:3)
  2 adders
  A worm (D:2)
  2 dart slugs (D:1)
  An orc (D:3)
  5 ball pythons
  9 endoplasms
  A giant cockroach (D:1)
  5 goblins
  14 hobgoblins
  4 jackals (D:1)
  4 quokkas
  5 bats
  4 frilled lizards
  5 kobolds
  2 rats (D:1)
65 creatures vanquished.

Notes
Turn   | Place    | Note
-------+----------+-------------------------------------------
     0 | D:1      | sammy202020 the Demonspawn Berserker began the quest for
                  | the Orb.
     0 | D:1      | Reached XP level 1. HP: 18/18 MP: 1/1
   463 | D:1      | Discovered your monstrous ancestry.
   463 | D:1      | Gained mutation: You have a small tail. [demonic ancestry]
   463 | D:1      | Reached XP level 2. HP: 21/24 MP: 2/2
  1438 | D:1      | Reached XP level 3. HP: 29/29 MP: 3/3
  1809 | D:1      | Reached ** piety under Trog
  2195 | D:2      | HP: 2/43 [worm (7)]
  2872 | D:2      | Found a faded altar of an unknown god.
  2878 | D:2      | Reached XP level 4. HP: 28/35 MP: 4/4
  3047 | D:2      | Found a snail-covered altar of Cheibriados.
  3168 | D:2      | Found a runed translucent door.
  3169 | D:2      | Noticed Crazy Yiuf
  3737 | D:3      | Gained mutation: Your touch may inflict minor irresistible
                  | damage on your foes. [demonic ancestry]
  3737 | D:3      | Reached XP level 5. HP: 42/42 MP: 5/5
  3738 | D:3      | Quit the game

Illustrated notes

Levels and vault maps discovered:
D:1:      dpeg_arrival_tiny_a, layout_loops_ring, roderic_lattice_a,
          chequers_avenue
D:2:      layout_basic, dreamdust_ecumenical_altar_angels_and_demons,
          basic_altar, chequers_decorated_corner, uniq_crazy_yiuf_cottage
D:3:      cheibrodos_greedy_goblins, layout_loops_ring

Skill      XL: |  1  2 |
---------------+-------+-----
Armour         | 2 |  2.7
Dodging        | 2 |  2.8
Maces & Flails | 3 |  3.5
Fighting       | |  3.8

Action                   |  1- 3 |  4- 6 || total
-------------------------+-------+-------++-------
Melee: Mace              |   160 |    50 ||   210
       Tailslap          |    16 |     6 ||    22
       Punch             |     1 |       ||     1
Invok: Berserk           |     1 |       ||     1
 Stab: Sleeping          |     6 |       ||     6
Armor: Animal skin       |    29 |       ||    29
       Ring mail         |       |    12 ||    12
Dodge: Dodged            |   123 |    32 ||   155

Table legend: (Time is in decaauts)
 A = Elapsed time spent in this place.
 B = Non-inter-level travel time spent in this place.
 C = Inter-level travel time spent in this place.
 D = Time resting spent in this place.
 E = Time spent auto-exploring this place.
 F = Levels seen in this place.
 G = Mean time per level.
                   A        B        C        D        E       F      G
               +--------+--------+--------+--------+--------+-----+--------+
         Total |   3799 |   3731 |     68 |    971 |   2136 |   3 | 1266.3 |
       Dungeon |   3799 |   3731 |     68 |    971 |   2136 |   3 | 1266.3 |
               +--------+--------+--------+--------+--------+-----+--------+

Top non-repeatable levels by time:
     D:1: 2058 daAuts
     D:2: 1229 daAuts
     D:3: 511 daAuts
